Calgary Flames vs Chicago Black Hawks
(R1)
Created - Saturday, July 1, 2023 at 05:50
Goals
|
| Calgary Flames |
0 |
3 |
2 |
5 |
| Chicago Black Hawks |
2 |
0 |
1 |
3 |
|
Shots
|
| Calgary Flames |
10 |
8 |
8 |
26 |
| Chicago Black Hawks |
12 |
13 |
16 |
41 |
|
1st period
1. Chicago Black Hawks , Matthew Tkachuk 1 (Devon Toews 1) at 2:16
2. Chicago Black Hawks , Matt Duchene 1 (Chris Kreider 1, Steven Stamkos 1) at 12:05
Penalties :
Drew Doughty (CGY) for Hooking (Minor) at 2:40, Max Pacioretty (CGY) for Roughing (Minor) at 17:50
2nd period
3. Calgary Flames , Joel Eriksson Ek 1 (Kevin Fiala 1, Mathieu Joseph 1) at 5:05
4. Calgary Flames , J.T. Miller 1 (Zach Hyman 1) at 14:55
5. Calgary Flames , Logan Couture 1 (Timo Meier 1, Valeri Nichushkin 1) at 19:31
Penalties :
Zach Hyman (CGY) for Tripping (Minor) at 2:45, J.T. Miller (CGY) for Holding Stick (Minor) at 6:06, Zach Hyman (CGY) for Hooking (Minor) at 9:18, Nicolas Hague (CHI) for Tripping (Minor) at 15:50
3rd period
6. Chicago Black Hawks , Seth Jones 1 (Steven Stamkos 2, Ilya Sorokin) at 5:10 (PP)
7. Calgary Flames , Valeri Nichushkin 1 (Ryan Ellis 1, Thatcher Demko) at 14:24
8. Calgary Flames , Kevin Fiala 1 (Jeff Petry 1) at 19:05 (Empty Net)
Penalties :
Ryan McDonagh (CGY) for Holding (Minor) at 0:55, Drew Doughty (CGY) for Interference (Minor) at 3:26, Rasmus Andersson (CHI) for Elbowing (Minor) at 16:30
Goalie Stats
Thatcher Demko (CGY), 38 saves from 41 shots - (0.927), W, 1-0-0, 60:00 minutes
Ilya Sorokin (CHI), 21 saves from 25 shots - (0.840), L, 0-1-0, 59:37 minutes
Players Stats for Calgary Flames
Player Name G A P +/- PIM S H SB GA TA FO MP PP MP PK MP
------------------------------------------------------------------------------------
Drew Doughty 0 0 0 -1 4 1 0 1 0 1 0/0 24:58 1:49 4:52
Garnet Hathaway 0 0 0 1 0 0 2 0 0 0 0/0 6:38 0:00 0:00
J.T. Miller 1 0 1 1 2 3 0 0 1 1 0/1 20:30 1:55 5:42
Jeff Petry 0 1 1 1 0 0 1 0 0 1 0/0 22:28 2:09 7:00
Jeremy Lauzon 0 0 0 3 0 0 2 1 0 1 0/0 11:13 0:00 0:00
Joel Eriksson Ek 1 0 1 1 0 2 3 0 0 0 5/12 10:14 0:00 0:00
Kevin Fiala 1 1 2 1 0 4 0 0 1 0 0/1 10:14 0:00 0:00
Kris Russell 0 0 0 3 0 0 0 1 0 0 0/0 14:06 0:00 2:46
Logan Couture 1 0 1 0 0 2 0 0 0 1 8/15 20:54 2:03 6:08
Mathieu Joseph 0 1 1 1 0 0 2 1 0 0 1/2 10:14 0:00 0:00
Max Pacioretty 0 0 0 1 2 1 1 0 1 0 0/0 9:07 0:00 2:20
Nic Dowd 0 0 0 1 0 1 0 0 0 0 2/5 6:38 0:00 0:00
Ryan Ellis 0 1 1 1 0 2 2 2 0 0 0/0 22:19 2:09 6:53
Ryan McDonagh 0 0 0 -1 2 1 0 3 0 0 0/0 25:01 1:49 5:45
Sebastian Aho 0 0 0 1 0 4 0 0 1 0 12/26 21:50 1:55 7:34
Timo Meier 0 1 1 0 0 2 2 0 0 0 2/4 14:57 2:03 0:04
Valeri Nichushkin 1 1 2 0 0 2 2 0 3 1 1/1 16:16 2:03 1:23
Zach Hyman 0 1 1 1 4 1 1 0 0 0 1/1 18:38 1:55 4:05
Players Stats for Chicago Black Hawks
Player Name G A P +/- PIM S H SB GA TA FO MP PP MP PK MP
------------------------------------------------------------------------------------
Bo Horvat 0 0 0 1 0 5 0 0 0 0 12/23 20:52 6:18 1:53
Brent Burns 0 0 0 -2 0 1 0 0 0 2 0/0 24:26 7:15 2:11
Bryan Rust 0 0 0 -2 0 1 1 1 0 0 0/0 10:43 0:00 0:13
Chris Kreider 0 1 1 0 0 2 1 0 0 0 0/0 19:55 7:02 1:52
Devon Toews 0 1 1 2 0 2 1 2 0 0 0/0 23:25 6:23 1:47
Lawson Crouse 0 0 0 -2 0 0 2 0 0 1 0/0 8:24 0:00 0:13
Matt Duchene 1 0 1 -1 0 10 2 0 0 2 1/2 20:11 7:02 1:53
Matthew Tkachuk 1 0 1 1 0 4 1 0 1 1 0/3 18:58 6:18 0:00
Mikhail Sergachev 0 0 0 2 0 1 1 1 0 0 0/0 23:25 6:23 1:47
Nicolas Hague 0 0 0 -3 2 0 2 1 0 0 0/0 12:08 0:00 0:00
Nikolaj Ehlers 0 0 0 -1 0 2 1 0 1 0 0/0 7:57 0:00 0:00
Phillip Danault 0 0 0 -2 0 2 0 1 0 0 4/9 10:49 0:18 0:00
Pius Suter 0 0 0 -2 0 1 0 0 0 0 4/6 8:30 0:18 0:00
Rasmus Andersson 0 0 0 -3 2 1 1 0 0 0 0/0 12:09 0:00 0:00
Seth Jones 1 0 1 -2 0 2 0 1 0 0 0/0 24:26 7:15 2:11
Steven Stamkos 0 2 2 0 0 1 2 0 1 0 13/22 19:55 7:02 1:52
Travis Konecny 0 0 0 1 0 4 2 1 3 0 1/2 18:58 6:18 0:00
Vladimir Tarasenko 0 0 0 -2 0 2 1 0 0 1 1/1 10:49 0:18 0:00
3 Stars
1 - Kevin Fiala (CGY)
2 - Valeri Nichushkin (CGY)
3 - Joel Eriksson Ek (CGY)
Power Play
Calgary Flames - 0 on 2 Attempt(s) - 0.00%
Chicago Black Hawks - 1 on 7 Attempt(s) - 14.29%
Penalty Kill
Calgary Flames - 6 on 7 Attempt(s) - 85.71%
- Score 0 goal in Penalty Kill
Chicago Black Hawks - 2 on 2 Attempt(s) - 100.00%
- Score 0 goal in Penalty Kill
Team Stat
Calgary Flames - Hits : 18 - Faceoff Wins : 32 - Blocked Shots : 9 - Penalty Minutes : 14
Chicago Black Hawks - Hits : 18 - Faceoff Wins : 36 - Blocked Shots : 8 - Penalty Minutes : 4
Official
Referees : Brad Watson and Gord Dwyer
Linesman : Thor Nelson and Brandon Gawryletz
Game Notes
Kevin Fiala has scored in a empty net!
Finance
Level 1 -- Attendance: 5211 (86.85%) -- Ticket Income $521,100
Level 2 -- Attendance: 4176 (83.52%) -- Ticket Income $250,560
Level 3 -- Attendance: 2766 (92.20%) -- Ticket Income $96,810
Level 4 -- Attendance: 4468 (89.36%) -- Ticket Income $111,700
Luxury Box -- Attendance: 858 (85.80%) -- Ticket Income $171,600
Game was played at the United Center.
Total Attendance: 17479 (87.40%)
Total Ticket Income: $1,151,770
Other Income: $403,120
Total Income: $1,554,890
Calgary Flames
5 vs 5 Forward
Center Left Wing Right Wing Time % Phy DF OF
1 Sebastian Aho J.T. Miller Zach Hyman 30 1 2 2
2 Logan Couture Valeri Nichushkin Timo Meier 30 1 2 2
3 Joel Eriksson Ek Kevin Fiala Mathieu Joseph 25 1 2 2
4 Nic Dowd Max Pacioretty Garnet Hathaway 15 1 2 2
5 vs 5 Defense
Defense Defense Time % Phy DF OF
1 Drew Doughty Ryan McDonagh 30 1 2 2
2 Jeff Petry Ryan Ellis 30 1 2 2
3 Jeremy Lauzon Kris Russell 25 1 2 2
4 Drew Doughty Ryan McDonagh 15 1 2 2
PowerPlay Forward
Center Left Wing Right Wing Time % Phy DF OF
1 Sebastian Aho J.T. Miller Zach Hyman 50 1 2 2
2 Logan Couture Valeri Nichushkin Timo Meier 50 1 2 2
PowerPlay Defense
Defense Defense Time % Phy DF OF
1 Drew Doughty Ryan McDonagh 50 1 2 2
2 Jeff Petry Ryan Ellis 50 1 2 2
Penalty Kill 4 Players Forward
Center Wing Time % Phy DF OF
1 Sebastian Aho J.T. Miller 50 1 2 2
2 Logan Couture Zach Hyman 50 1 2 2
Penalty Kill 4 Players Defense
Defense Defense Time % Phy DF OF
1 Drew Doughty Ryan McDonagh 50 1 2 2
2 Jeff Petry Ryan Ellis 50 1 2 2
Penalty Kill - 3 Players Forward
Forward Time % Phy DF OF
1 Sebastian Aho 50 1 2 2
2 J.T. Miller 50 1 2 2
Penalty Kill - 3 Players Defense
Defense Defense Time % Phy DF OF
1 Drew Doughty Ryan McDonagh 50 1 2 2
2 Jeff Petry Ryan Ellis 50 1 2 2
4 vs 4 Forward
Center Wing Time % Phy DF OF
1 Sebastian Aho J.T. Miller 50 1 2 2
2 Logan Couture Zach Hyman 50 1 2 2
4 vs 4 Defense
Defense Defense Time % Phy DF OF
1 Drew Doughty Ryan McDonagh 50 1 2 2
2 Jeff Petry Ryan Ellis 50 1 2 2
Last Minutes Offensive
Center Left Wing Right Wing Defense Defense
Sebastian Aho J.T. Miller Zach Hyman Drew Doughty Ryan McDonagh
Last Minutes Defensive
Center Left Wing Right Wing Defense Defense
Sebastian Aho J.T. Miller Zach Hyman Drew Doughty Ryan McDonagh
Goaltenders
Starting : Thatcher Demko
Backup : Samuel Montembeault
Extra Forwards
Normal : Joel Eriksson Ek, Kevin Fiala, Max Pacioretty - PP : Joel Eriksson Ek, Kevin Fiala - PK : Max Pacioretty
Extra Defensemen
Normal : Jeremy Lauzon, Kris Russell, Jeff Petry - PP : Jeremy Lauzon - PK : Kris Russell, Jeff Petry
Penalty Shots
Sebastian Aho, J.T. Miller, Logan Couture, Zach Hyman, Timo Meier
Chicago Black Hawks
5 vs 5 Forward
Center Left Wing Right Wing Time % Phy DF OF
1 Steven Stamkos Chris Kreider Matt Duchene 30 1 2 2
2 Bo Horvat Travis Konecny Matthew Tkachuk 30 1 2 2
3 Phillip Danault Bryan Rust Vladimir Tarasenko 25 1 2 2
4 Pius Suter Lawson Crouse Nikolaj Ehlers 15 1 2 2
5 vs 5 Defense
Defense Defense Time % Phy DF OF
1 Brent Burns Seth Jones 35 1 2 2
2 Mikhail Sergachev Devon Toews 35 1 2 2
3 Rasmus Andersson Nicolas Hague 30 1 2 2
4 Brent Burns Seth Jones 0 1 2 2
PowerPlay Forward
Center Left Wing Right Wing Time % Phy DF OF
1 Steven Stamkos Chris Kreider Matt Duchene 50 1 2 2
2 Bo Horvat Travis Konecny Matthew Tkachuk 50 1 2 2
PowerPlay Defense
Defense Defense Time % Phy DF OF
1 Brent Burns Seth Jones 50 1 2 2
2 Mikhail Sergachev Devon Toews 50 1 2 2
Penalty Kill 4 Players Forward
Center Wing Time % Phy DF OF
1 Steven Stamkos Chris Kreider 50 1 2 2
2 Bo Horvat Matt Duchene 50 1 2 2
Penalty Kill 4 Players Defense
Defense Defense Time % Phy DF OF
1 Brent Burns Seth Jones 50 1 2 2
2 Mikhail Sergachev Devon Toews 50 1 2 2
Penalty Kill - 3 Players Forward
Forward Time % Phy DF OF
1 Steven Stamkos 50 1 2 2
2 Chris Kreider 50 1 2 2
Penalty Kill - 3 Players Defense
Defense Defense Time % Phy DF OF
1 Brent Burns Seth Jones 50 1 2 2
2 Mikhail Sergachev Devon Toews 50 1 2 2
4 vs 4 Forward
Center Wing Time % Phy DF OF
1 Steven Stamkos Chris Kreider 50 1 2 2
2 Bo Horvat Matt Duchene 50 1 2 2
4 vs 4 Defense
Defense Defense Time % Phy DF OF
1 Brent Burns Seth Jones 50 1 2 2
2 Mikhail Sergachev Devon Toews 50 1 2 2
Last Minutes Offensive
Center Left Wing Right Wing Defense Defense
Steven Stamkos Chris Kreider Matt Duchene Brent Burns Seth Jones
Last Minutes Defensive
Center Left Wing Right Wing Defense Defense
Steven Stamkos Chris Kreider Matt Duchene Brent Burns Seth Jones
Goaltenders
Starting : Ilya Sorokin
Backup : Jordan Binnington
Extra Forwards
Normal : Vladimir Tarasenko, Phillip Danault, Bryan Rust - PP : Vladimir Tarasenko, Phillip Danault - PK : Bryan Rust
Extra Defensemen
Normal : Rasmus Andersson, Nicolas Hague, Mikhail Sergachev - PP : Rasmus Andersson - PK : Nicolas Hague, Mikhail Sergachev
Penalty Shots
Steven Stamkos, Chris Kreider, Bo Horvat, Matt Duchene, Matthew Tkachuk
% Time on Ice - Calgary Flames
Lines # - Real PCT - Wanted PCT - Time Play
Normal Forward
1 - 30% - 30% - 12:49
2 - 30% - 30% - 12:43
3 - 24% - 25% - 10:14
4 - 16% - 15% - 6:38
Normal Defense
1 - 32% - 30% - 13:32
2 - 31% - 30% - 13:17
3 - 25% - 25% - 10:48
4 - 11% - 15% - 4:47
PP Forward
1 - 48% - 50% - 1:55
2 - 52% - 50% - 2:03
PP Defense
1 - 46% - 50% - 1:49
2 - 54% - 50% - 2:09
PK Forward
1 - 50% - 50% - 6:51
2 - 50% - 50% - 6:47
PK Defense
1 - 50% - 50% - 6:45
2 - 50% - 50% - 6:53
PK3 Forward
1 - 0% - 50%
2 - 0% - 50%
PK3 Defense
1 - 0% - 50%
2 - 0% - 50%
44 Forward
1 - 0% - 50%
2 - 0% - 50%
44 Defense
1 - 0% - 50%
2 - 0% - 50%
Last Minute Offensive - 0:00
Last Minute Defensive - 0:00
Total
Forward - 60:00
Defense - 60:00
|
% Time on Ice - Chicago Black Hawks
Lines # - Real PCT - Wanted PCT - Time Play
Normal Forward
1 - 26% - 30% - 11:02
2 - 30% - 30% - 12:41
3 - 25% - 25% - 10:30
4 - 19% - 15% - 7:57
Normal Defense
1 - 36% - 35% - 15:00
2 - 36% - 35% - 15:15
3 - 28% - 30% - 11:55
4 - 0% - 0% - 0:00
PP Forward
1 - 54% - 50% - 7:20
2 - 46% - 50% - 6:18
PP Defense
1 - 53% - 50% - 7:15
2 - 47% - 50% - 6:23
PK Forward
1 - 51% - 50% - 2:02
2 - 49% - 50% - 1:56
PK Defense
1 - 55% - 50% - 2:11
2 - 45% - 50% - 1:47
PK3 Forward
1 - 0% - 50%
2 - 0% - 50%
PK3 Defense
1 - 0% - 50%
2 - 0% - 50%
44 Forward
1 - 0% - 50%
2 - 0% - 50%
44 Defense
1 - 0% - 50%
2 - 0% - 50%
Last Minute Offensive - 0:14
Last Minute Defensive - 0:00
Total
Forward - 60:00
Defense - 60:00
|
Play-by-Play
1st period
0:01 of 1st period - Sebastian Aho wins face-off versus Steven Stamkos in neutral zone.
0:08 of 1st period - Wrist shot by Zach Hyman.
0:08 of 1st period - Stopped by Ilya Sorokin without a rebound.
0:09 of 1st period - Sebastian Aho wins face-off versus Steven Stamkos in Chicago Black Hawks zone.
0:14 of 1st period - Slapshot by Sebastian Aho.
0:14 of 1st period - Stopped by Ilya Sorokin without a rebound.
0:15 of 1st period - Bo Horvat wins face-off versus Timo Meier in Chicago Black Hawks zone.
0:15 of 1st period - Bo Horvat is hit by Jeff Petry.
0:29 of 1st period - Wrist shot by Matthew Tkachuk.
0:29 of 1st period - Stopped by Thatcher Demko without a rebound.
0:30 of 1st period - Mathieu Joseph wins face-off versus Phillip Danault in Calgary Flames zone.
0:35 of 1st period - Nicolas Hague is hit by Joel Eriksson Ek and loses puck.
1:28 of 1st period - Snap shot by Matt Duchene.
1:28 of 1st period - Stopped by Thatcher Demko without a rebound.
1:29 of 1st period - Steven Stamkos wins face-off versus Timo Meier in Calgary Flames zone.
1:32 of 1st period - Snap shot by Matt Duchene.
1:32 of 1st period - Shot Blocked by Drew Doughty.
2:00 of 1st period - Icing by Kevin Fiala.
2:01 of 1st period - Bo Horvat wins face-off versus Kevin Fiala in Calgary Flames zone.
2:08 of 1st period - Mikhail Sergachev is hit by Joel Eriksson Ek.
2:16 of 1st period - Wrist shot by Matthew Tkachuk.
2:16 of 1st period - Goal by Matthew Tkachuk - Calgary Flames : 0 - Chicago Black Hawks : 1.
2:17 of 1st period - Phillip Danault wins face-off versus Logan Couture in neutral zone.
2:40 of 1st period - Minor Penalty to Drew Doughty for Hooking.
2:41 of 1st period - Steven Stamkos wins face-off versus Sebastian Aho in Calgary Flames zone.
3:45 of 1st period - Mikhail Sergachev is hit by Ryan Ellis and loses puck.
4:24 of 1st period - Ryan McDonagh is hit by Devon Toews and loses puck.
4:40 of 1st period - Penalty to Drew Doughty is over, Drew Doughty is back on ice.
5:30 of 1st period - Logan Couture is hit by Chris Kreider and loses puck.
5:51 of 1st period - Snap shot by J.T. Miller.
5:51 of 1st period - Deflect By Sebastian Aho.
5:51 of 1st period - Stopped by Ilya Sorokin without a rebound.
5:52 of 1st period - Pius Suter wins face-off versus Sebastian Aho in Chicago Black Hawks zone.
6:01 of 1st period - Wrist shot by Lawson Crouse.
6:01 of 1st period - Shot Misses the Net.
6:03 of 1st period - Slapshot by Brent Burns.
6:03 of 1st period - Deflect By Nikolaj Ehlers.
6:03 of 1st period - Stopped by Thatcher Demko without a rebound.
6:04 of 1st period - Valeri Nichushkin wins face-off versus Bo Horvat in Calgary Flames zone.
6:51 of 1st period - Icing by Joel Eriksson Ek.
6:52 of 1st period - Joel Eriksson Ek wins face-off versus Phillip Danault in Calgary Flames zone.
7:01 of 1st period - Wrist shot by Vladimir Tarasenko.
7:01 of 1st period - Stopped by Thatcher Demko with a rebound.
7:03 of 1st period - Slapshot by Mikhail Sergachev.
7:03 of 1st period - Stopped by Thatcher Demko without a rebound.
7:04 of 1st period - Bo Horvat wins face-off versus Sebastian Aho in Calgary Flames zone.
7:33 of 1st period - Matt Duchene is hit by Valeri Nichushkin and loses puck.
7:54 of 1st period - Wrist shot by Joel Eriksson Ek.
7:54 of 1st period - Deflect By Rasmus Andersson.
7:54 of 1st period - Shot Blocked by Bryan Rust.
7:54 of 1st period - Puck is out of play.
7:55 of 1st period - Phillip Danault wins face-off versus Joel Eriksson Ek in Chicago Black Hawks zone.
7:55 of 1st period - Phillip Danault is hit by Jeremy Lauzon.
8:10 of 1st period - Wrist shot by Kevin Fiala.
8:10 of 1st period - Stopped by Ilya Sorokin with a rebound.
10:34 of 1st period - Snap shot by Matt Duchene.
10:34 of 1st period - Stopped by Thatcher Demko without a rebound.
10:35 of 1st period - Nic Dowd wins face-off versus Steven Stamkos in Calgary Flames zone.
10:42 of 1st period - Brent Burns is hit by Max Pacioretty and loses puck.
11:06 of 1st period - Snap shot by Steven Stamkos.
11:06 of 1st period - Stopped by Thatcher Demko without a rebound.
11:07 of 1st period - Sebastian Aho wins face-off versus Bo Horvat in Calgary Flames zone.
11:16 of 1st period - Wrist shot by Sebastian Aho.
11:16 of 1st period - Shot Misses the Net.
11:34 of 1st period - Vladimir Tarasenko is hit by Mathieu Joseph and loses puck.
11:45 of 1st period - Snap shot by Joel Eriksson Ek.
11:45 of 1st period - Shot Blocked by Devon Toews.
12:05 of 1st period - Wrist shot by Matt Duchene.
12:05 of 1st period - Goal by Matt Duchene - Calgary Flames : 0 - Chicago Black Hawks : 2.
12:06 of 1st period - Bo Horvat wins face-off versus Sebastian Aho in neutral zone.
12:08 of 1st period - Off-side.
12:09 of 1st period - Sebastian Aho wins face-off versus Bo Horvat in neutral zone.
12:16 of 1st period - Wrist shot by J.T. Miller.
12:16 of 1st period - Shot Misses the Net.
12:58 of 1st period - Slapshot by Kevin Fiala.
12:58 of 1st period - Stopped by Ilya Sorokin without a rebound.
12:59 of 1st period - Joel Eriksson Ek wins face-off versus Phillip Danault in Chicago Black Hawks zone.
13:00 of 1st period - Wrist shot by Kevin Fiala.
13:00 of 1st period - Shot Misses the Net.
13:02 of 1st period - Slapshot by Drew Doughty.
13:02 of 1st period - Stopped by Ilya Sorokin without a rebound.
13:03 of 1st period - Joel Eriksson Ek wins face-off versus Travis Konecny in Chicago Black Hawks zone.
13:58 of 1st period - Wrist shot by Valeri Nichushkin.
13:58 of 1st period - Shot Blocked by Phillip Danault.
14:04 of 1st period - Snap shot by Valeri Nichushkin.
14:04 of 1st period - Stopped by Ilya Sorokin with a rebound.
14:36 of 1st period - Snap shot by Nic Dowd.
14:36 of 1st period - Stopped by Ilya Sorokin without a rebound.
14:37 of 1st period - Bo Horvat wins face-off versus Nic Dowd in Chicago Black Hawks zone.
15:00 of 1st period - Snap shot by Sebastian Aho.
15:00 of 1st period - Stopped by Ilya Sorokin with a rebound.
15:16 of 1st period - Wrist shot by Travis Konecny.
15:16 of 1st period - Shot Misses the Net.
15:26 of 1st period - Snap shot by Bo Horvat.
15:26 of 1st period - Shot Misses the Net.
15:42 of 1st period - Wrist shot by Travis Konecny.
15:42 of 1st period - Stopped by Thatcher Demko with a rebound.
15:57 of 1st period - Snap shot by Travis Konecny.
15:57 of 1st period - Stopped by Thatcher Demko with a rebound.
16:27 of 1st period - Snap shot by Matthew Tkachuk.
16:27 of 1st period - Shot Misses the Net.
16:35 of 1st period - Wrist shot by Matthew Tkachuk.
16:35 of 1st period - Shot Misses the Net.
16:43 of 1st period - Wrist shot by Timo Meier.
16:43 of 1st period - Stopped by Ilya Sorokin without a rebound.
16:44 of 1st period - Sebastian Aho wins face-off versus Steven Stamkos in Chicago Black Hawks zone.
17:11 of 1st period - Mathieu Joseph is hit by Nicolas Hague and loses puck.
17:50 of 1st period - Minor Penalty to Max Pacioretty for Roughing.
17:51 of 1st period - Steven Stamkos wins face-off versus Sebastian Aho in Calgary Flames zone.
18:04 of 1st period - Snap shot by Matt Duchene.
18:04 of 1st period - Stopped by Thatcher Demko without a rebound.
18:05 of 1st period - Logan Couture wins face-off versus Steven Stamkos in Calgary Flames zone.
19:50 of 1st period - Penalty to Max Pacioretty is over, Max Pacioretty is back on ice.
Goals for this period are 0 for Calgary Flames vs 2 for Chicago Black Hawks.
Shots for this period are 10 for Calgary Flames vs 12 for Chicago Black Hawks.
2nd period
0:01 of 2nd period - Sebastian Aho wins face-off versus Steven Stamkos in neutral zone.
0:08 of 2nd period - Wrist shot by Steven Stamkos.
0:08 of 2nd period - Shot Misses the Net.
0:10 of 2nd period - Snap shot by Chris Kreider.
0:10 of 2nd period - Stopped by Thatcher Demko without a rebound.
0:11 of 2nd period - Sebastian Aho wins face-off versus Steven Stamkos in Calgary Flames zone.
1:20 of 2nd period - Snap shot by Logan Couture.
1:20 of 2nd period - Stopped by Ilya Sorokin without a rebound.
1:21 of 2nd period - Pius Suter wins face-off versus Nic Dowd in Chicago Black Hawks zone.
1:34 of 2nd period - Nic Dowd is hit by Lawson Crouse and loses puck.
1:46 of 2nd period - Nic Dowd is hit by Nikolaj Ehlers and loses puck.
2:22 of 2nd period - Snap shot by Nikolaj Ehlers.
2:22 of 2nd period - Shot Blocked by Jeremy Lauzon.
2:24 of 2nd period - Wrist shot by Pius Suter.
2:24 of 2nd period - Stopped by Thatcher Demko without a rebound.
2:25 of 2nd period - Steven Stamkos wins face-off versus Sebastian Aho in Calgary Flames zone.
2:45 of 2nd period - Minor Penalty to Zach Hyman for Tripping.
2:46 of 2nd period - Logan Couture wins face-off versus Bo Horvat in Calgary Flames zone.
4:45 of 2nd period - Penalty to Zach Hyman is over, Zach Hyman is back on ice.
5:03 of 2nd period - Snap shot by Joel Eriksson Ek.
5:03 of 2nd period - Stopped by Ilya Sorokin with a rebound.
5:05 of 2nd period - Snap shot by Joel Eriksson Ek.
5:05 of 2nd period - Goal by Joel Eriksson Ek - Calgary Flames : 1 - Chicago Black Hawks : 2.
5:06 of 2nd period - Phillip Danault wins face-off versus Joel Eriksson Ek in neutral zone.
5:31 of 2nd period - Valeri Nichushkin is hit by Nicolas Hague and loses puck.
5:36 of 2nd period - Wrist shot by Matt Duchene.
5:36 of 2nd period - Shot Misses the Net.
5:40 of 2nd period - Slapshot by Matt Duchene.
5:40 of 2nd period - Shot Blocked by Ryan McDonagh.
5:42 of 2nd period - Snap shot by Nicolas Hague.
5:42 of 2nd period - Deflect By Chris Kreider.
5:42 of 2nd period - Stopped by Thatcher Demko without a rebound.
5:43 of 2nd period - Zach Hyman wins face-off versus Matthew Tkachuk in Calgary Flames zone.
5:48 of 2nd period - Wrist shot by J.T. Miller.
5:48 of 2nd period - Shot Blocked by Seth Jones.
5:56 of 2nd period - Slapshot by Seth Jones.
5:56 of 2nd period - Stopped by Thatcher Demko with a rebound.
6:06 of 2nd period - Minor Penalty to J.T. Miller for Holding Stick.
6:07 of 2nd period - Sebastian Aho wins face-off versus Bo Horvat in Calgary Flames zone.
8:06 of 2nd period - Penalty to J.T. Miller is over, J.T. Miller is back on ice.
8:18 of 2nd period - Drew Doughty is hit by Vladimir Tarasenko and loses puck.
8:23 of 2nd period - Wrist shot by Vladimir Tarasenko.
8:23 of 2nd period - Shot Misses the Net.
8:25 of 2nd period - Wrist shot by Vladimir Tarasenko.
8:25 of 2nd period - Stopped by Thatcher Demko with a rebound.
8:41 of 2nd period - Slapshot by Kevin Fiala.
8:41 of 2nd period - Stopped by Ilya Sorokin without a rebound.
8:42 of 2nd period - Pius Suter wins face-off versus Joel Eriksson Ek in Chicago Black Hawks zone.
9:18 of 2nd period - Minor Penalty to Zach Hyman for Hooking.
9:19 of 2nd period - Travis Konecny wins face-off versus Sebastian Aho in Calgary Flames zone.
10:06 of 2nd period - Snap shot by Ryan Ellis.
10:06 of 2nd period - Stopped by Ilya Sorokin with a rebound.
10:28 of 2nd period - Icing by Steven Stamkos.
10:29 of 2nd period - Matt Duchene wins face-off versus Logan Couture in Chicago Black Hawks zone.
10:42 of 2nd period - Backhand shot by Devon Toews.
10:42 of 2nd period - Stopped by Thatcher Demko without a rebound.
10:43 of 2nd period - Sebastian Aho wins face-off versus Matthew Tkachuk in Calgary Flames zone.
11:18 of 2nd period - Penalty to Zach Hyman is over, Zach Hyman is back on ice.
11:32 of 2nd period - Snap shot by Steven Stamkos.
11:32 of 2nd period - Deflect By Matt Duchene.
11:32 of 2nd period - Stopped by Thatcher Demko with a rebound.
12:14 of 2nd period - Slapshot by Ryan Ellis.
12:14 of 2nd period - Shot Misses the Net.
12:25 of 2nd period - Icing by Pius Suter.
12:26 of 2nd period - Logan Couture wins face-off versus Pius Suter in Chicago Black Hawks zone.
12:29 of 2nd period - Wrist shot by Timo Meier.
12:29 of 2nd period - Shot Blocked by Mikhail Sergachev.
12:37 of 2nd period - Logan Couture is hit by Lawson Crouse and loses puck.
13:10 of 2nd period - Snap shot by Joel Eriksson Ek.
13:10 of 2nd period - Shot Misses the Net.
13:12 of 2nd period - Slapshot by Ryan Ellis.
13:12 of 2nd period - Deflect By Matt Duchene.
13:12 of 2nd period - Stopped by Ilya Sorokin with a rebound.
13:32 of 2nd period - Mikhail Sergachev is hit by Garnet Hathaway and loses puck.
14:25 of 2nd period - Snap shot by Seth Jones.
14:25 of 2nd period - Deflect By Phillip Danault.
14:25 of 2nd period - Deflect By Drew Doughty.
14:25 of 2nd period - Stopped by Thatcher Demko with a rebound.
14:37 of 2nd period - Snap shot by Phillip Danault.
14:37 of 2nd period - Shot Hit the Post.
14:39 of 2nd period - Backhand shot by Phillip Danault.
14:39 of 2nd period - Stopped by Thatcher Demko without a rebound.
14:40 of 2nd period - Steven Stamkos wins face-off versus Sebastian Aho in Calgary Flames zone.
14:55 of 2nd period - Slapshot by J.T. Miller.
14:55 of 2nd period - Goal by J.T. Miller - Calgary Flames : 2 - Chicago Black Hawks : 2.
14:56 of 2nd period - Timo Meier wins face-off versus Bo Horvat in neutral zone.
15:01 of 2nd period - Bo Horvat is hit by Valeri Nichushkin and loses puck.
15:08 of 2nd period - Slapshot by Valeri Nichushkin.
15:08 of 2nd period - Shot Blocked by Travis Konecny.
15:33 of 2nd period - Wrist shot by Matt Duchene.
15:33 of 2nd period - Shot Blocked by Ryan Ellis.
15:50 of 2nd period - Minor Penalty to Nicolas Hague for Tripping.
15:51 of 2nd period - Steven Stamkos wins face-off versus Sebastian Aho in Chicago Black Hawks zone.
16:47 of 2nd period - Mikhail Sergachev is hit by Ryan Ellis and loses puck.
17:50 of 2nd period - Penalty to Nicolas Hague is over, Nicolas Hague is back on ice.
17:52 of 2nd period - Off-side.
17:53 of 2nd period - Vladimir Tarasenko wins face-off versus Joel Eriksson Ek in neutral zone.
18:18 of 2nd period - Nicolas Hague is hit by Jeremy Lauzon and loses puck.
18:39 of 2nd period - Wrist shot by Bo Horvat.
18:39 of 2nd period - Shot Blocked by Ryan McDonagh.
18:41 of 2nd period - Wrist shot by Matthew Tkachuk.
18:41 of 2nd period - Stopped by Thatcher Demko with a rebound.
18:43 of 2nd period - Snap shot by Travis Konecny.
18:43 of 2nd period - Stopped by Thatcher Demko with a rebound.
18:45 of 2nd period - Snap shot by Bo Horvat.
18:45 of 2nd period - Stopped by Thatcher Demko with a rebound.
18:47 of 2nd period - Snap shot by Bo Horvat.
18:47 of 2nd period - Stopped by Thatcher Demko with a rebound.
19:01 of 2nd period - Timo Meier is hit by Steven Stamkos and loses puck.
19:31 of 2nd period - Snap shot by Timo Meier.
19:31 of 2nd period - Deflect By Logan Couture.
19:31 of 2nd period - Goal by Logan Couture - Calgary Flames : 3 - Chicago Black Hawks : 2.
19:32 of 2nd period - Bo Horvat wins face-off versus Sebastian Aho in neutral zone.
Goals for this period are 3 for Calgary Flames vs 0 for Chicago Black Hawks.
Shots for this period are 8 for Calgary Flames vs 13 for Chicago Black Hawks.
3rd period
0:01 of 3rd period - Steven Stamkos wins face-off versus Logan Couture in neutral zone.
0:04 of 3rd period - Ryan McDonagh is hit by Matt Duchene and loses puck.
0:27 of 3rd period - Mikhail Sergachev is hit by Zach Hyman and loses puck.
0:36 of 3rd period - Snap shot by Travis Konecny.
0:36 of 3rd period - Deflect By Bo Horvat.
0:36 of 3rd period - Stopped by Thatcher Demko without a rebound.
0:37 of 3rd period - Steven Stamkos wins face-off versus Joel Eriksson Ek in Calgary Flames zone.
0:40 of 3rd period - Snap shot by Matt Duchene.
0:40 of 3rd period - Stopped by Thatcher Demko with a rebound.
0:42 of 3rd period - Slapshot by Nicolas Hague.
0:42 of 3rd period - Shot Blocked by Mathieu Joseph.
0:44 of 3rd period - Snap shot by Chris Kreider.
0:44 of 3rd period - Shot Blocked by Ryan Ellis.
0:46 of 3rd period - Wrist shot by Chris Kreider.
0:46 of 3rd period - Shot Misses the Net.
0:48 of 3rd period - Snap shot by Rasmus Andersson.
0:48 of 3rd period - Stopped by Thatcher Demko with a rebound.
0:50 of 3rd period - Snap shot by Matt Duchene.
0:50 of 3rd period - Stopped by Thatcher Demko without a rebound.
0:51 of 3rd period - Bo Horvat wins face-off versus Logan Couture in Calgary Flames zone.
0:55 of 3rd period - Minor Penalty to Ryan McDonagh for Holding.
0:56 of 3rd period - Bo Horvat wins face-off versus Sebastian Aho in Calgary Flames zone.
1:10 of 3rd period - Snap shot by Matthew Tkachuk.
1:10 of 3rd period - Shot Misses the Net.
1:55 of 3rd period - Icing by Travis Konecny.
1:56 of 3rd period - Bo Horvat wins face-off versus Sebastian Aho in Chicago Black Hawks zone.
2:09 of 3rd period - Sebastian Aho is hit by Travis Konecny and loses puck.
2:55 of 3rd period - Penalty to Ryan McDonagh is over, Ryan McDonagh is back on ice.
3:03 of 3rd period - Icing by Ryan McDonagh.
3:04 of 3rd period - Joel Eriksson Ek wins face-off versus Phillip Danault in Calgary Flames zone.
3:11 of 3rd period - Kevin Fiala is hit by Bryan Rust and loses puck.
3:20 of 3rd period - Wrist shot by Bryan Rust.
3:20 of 3rd period - Stopped by Thatcher Demko with a rebound.
3:26 of 3rd period - Minor Penalty to Drew Doughty for Interference.
3:27 of 3rd period - Sebastian Aho wins face-off versus Bo Horvat in Calgary Flames zone.
3:40 of 3rd period - Snap shot by Bo Horvat.
3:40 of 3rd period - Shot Misses the Net.
3:42 of 3rd period - Slapshot by Matthew Tkachuk.
3:42 of 3rd period - Stopped by Thatcher Demko without a rebound.
3:43 of 3rd period - Steven Stamkos wins face-off versus J.T. Miller in Calgary Flames zone.
3:54 of 3rd period - Snap shot by Chris Kreider.
3:54 of 3rd period - Deflect By Steven Stamkos.
3:54 of 3rd period - Shot Misses the Net.
3:54 of 3rd period - Puck is out of play.
3:55 of 3rd period - Sebastian Aho wins face-off versus Matthew Tkachuk in Calgary Flames zone.
4:10 of 3rd period - Snap shot by J.T. Miller.
4:10 of 3rd period - Stopped by Ilya Sorokin without a rebound.
4:11 of 3rd period - Steven Stamkos wins face-off versus Logan Couture in Chicago Black Hawks zone.
4:16 of 3rd period - Slapshot by Matt Duchene.
4:16 of 3rd period - Stopped by Thatcher Demko with a rebound.
4:32 of 3rd period - Icing by Seth Jones.
4:33 of 3rd period - Logan Couture wins face-off versus Matt Duchene in Chicago Black Hawks zone.
5:10 of 3rd period - Slapshot by Seth Jones.
5:10 of 3rd period - Goal by Seth Jones - Calgary Flames : 3 - Chicago Black Hawks : 3.
5:11 of 3rd period - Logan Couture wins face-off versus Bo Horvat in neutral zone.
5:43 of 3rd period - Wrist shot by Steven Stamkos.
5:43 of 3rd period - Shot Blocked by Kris Russell.
5:59 of 3rd period - Snap shot by Kevin Fiala.
5:59 of 3rd period - Shot Misses the Net.
6:01 of 3rd period - Slapshot by Drew Doughty.
6:01 of 3rd period - Shot Blocked by Devon Toews.
6:05 of 3rd period - Slapshot by Joel Eriksson Ek.
6:05 of 3rd period - Shot Misses the Net.
6:07 of 3rd period - Wrist shot by Kevin Fiala.
6:07 of 3rd period - Shot Misses the Net.
6:09 of 3rd period - Snap shot by Kevin Fiala.
6:09 of 3rd period - Shot Hit the Post.
6:11 of 3rd period - Snap shot by Ryan McDonagh.
6:11 of 3rd period - Deflect By Mikhail Sergachev.
6:11 of 3rd period - Stopped by Ilya Sorokin with a rebound.
6:24 of 3rd period - Off-side.
6:25 of 3rd period - Nic Dowd wins face-off versus Pius Suter in neutral zone.
6:30 of 3rd period - Snap shot by Max Pacioretty.
6:30 of 3rd period - Stopped by Ilya Sorokin without a rebound.
6:31 of 3rd period - Bo Horvat wins face-off versus Logan Couture in Chicago Black Hawks zone.
6:31 of 3rd period - Bo Horvat is hit by Timo Meier.
6:39 of 3rd period - Wrist shot by Bo Horvat.
6:39 of 3rd period - Stopped by Thatcher Demko without a rebound.
6:40 of 3rd period - Timo Meier wins face-off versus Bo Horvat in Calgary Flames zone.
6:51 of 3rd period - Wrist shot by Timo Meier.
6:51 of 3rd period - Stopped by Ilya Sorokin with a rebound.
7:14 of 3rd period - Icing by Bo Horvat.
7:15 of 3rd period - Bo Horvat wins face-off versus Sebastian Aho in Chicago Black Hawks zone.
7:48 of 3rd period - Snap shot by Sebastian Aho.
7:48 of 3rd period - Deflect By J.T. Miller.
7:48 of 3rd period - Stopped by Ilya Sorokin with a rebound.
8:15 of 3rd period - Snap shot by Travis Konecny.
8:15 of 3rd period - Stopped by Thatcher Demko with a rebound.
8:17 of 3rd period - Snap shot by Brent Burns.
8:17 of 3rd period - Stopped by Thatcher Demko without a rebound.
8:18 of 3rd period - Logan Couture wins face-off versus Steven Stamkos in Calgary Flames zone.
9:50 of 3rd period - Snap shot by Timo Meier.
9:50 of 3rd period - Shot Blocked by Nicolas Hague.
10:29 of 3rd period - Matt Duchene is hit by Garnet Hathaway.
10:36 of 3rd period - Icing by Garnet Hathaway.
10:37 of 3rd period - Phillip Danault wins face-off versus Nic Dowd in Calgary Flames zone.
10:42 of 3rd period - Wrist shot by Bo Horvat.
10:42 of 3rd period - Stopped by Thatcher Demko with a rebound.
10:44 of 3rd period - Slapshot by Devon Toews.
10:44 of 3rd period - Stopped by Thatcher Demko without a rebound.
10:45 of 3rd period - Sebastian Aho wins face-off versus Bo Horvat in Calgary Flames zone.
10:45 of 3rd period - Sebastian Aho is hit by Matthew Tkachuk.
11:16 of 3rd period - Off-side.
11:17 of 3rd period - Steven Stamkos wins face-off versus Logan Couture in neutral zone.
11:48 of 3rd period - Snap shot by Matt Duchene.
11:48 of 3rd period - Stopped by Thatcher Demko without a rebound.
11:49 of 3rd period - Bo Horvat wins face-off versus Sebastian Aho in Calgary Flames zone.
12:19 of 3rd period - Zach Hyman is hit by Travis Konecny and loses puck.
13:34 of 3rd period - Wrist shot by Sebastian Aho.
13:34 of 3rd period - Stopped by Ilya Sorokin without a rebound.
13:35 of 3rd period - Steven Stamkos wins face-off versus Mathieu Joseph in Chicago Black Hawks zone.
13:35 of 3rd period - Steven Stamkos is hit by Joel Eriksson Ek.
13:48 of 3rd period - Devon Toews is hit by Mathieu Joseph and loses puck.
14:01 of 3rd period - Vladimir Tarasenko is hit by Timo Meier and loses puck.
14:24 of 3rd period - Wrist shot by Valeri Nichushkin.
14:24 of 3rd period - Goal by Valeri Nichushkin - Calgary Flames : 4 - Chicago Black Hawks : 3.
14:25 of 3rd period - Steven Stamkos wins face-off versus Joel Eriksson Ek in neutral zone.
15:05 of 3rd period - Slapshot by Timo Meier.
15:05 of 3rd period - Shot Misses the Net.
15:38 of 3rd period - Icing by Ryan McDonagh.
15:39 of 3rd period - Logan Couture wins face-off versus Steven Stamkos in Calgary Flames zone.
15:44 of 3rd period - Wrist shot by Matt Duchene.
15:44 of 3rd period - Stopped by Thatcher Demko with a rebound.
16:06 of 3rd period - Wrist shot by Nikolaj Ehlers.
16:06 of 3rd period - Shot Blocked by Ryan McDonagh.
16:08 of 3rd period - Snap shot by Nikolaj Ehlers.
16:08 of 3rd period - Stopped by Thatcher Demko without a rebound.
16:09 of 3rd period - Pius Suter wins face-off versus Joel Eriksson Ek in Calgary Flames zone.
16:30 of 3rd period - Minor Penalty to Rasmus Andersson for Elbowing.
16:31 of 3rd period - Logan Couture wins face-off versus Bo Horvat in Chicago Black Hawks zone.
16:58 of 3rd period - Sebastian Aho is hit by Steven Stamkos and loses puck.
18:30 of 3rd period - Penalty to Rasmus Andersson is over, Rasmus Andersson is back on ice.
18:39 of 3rd period - Jeff Petry is hit by Rasmus Andersson and loses puck.
18:42 of 3rd period - Chicago Black Hawks, Ilya Sorokin is pulled from the net.
18:58 of 3rd period - Jeff Petry is hit by Matt Duchene and loses puck.
19:05 of 3rd period - Slapshot by Kevin Fiala.
19:05 of 3rd period - Goal by Kevin Fiala - Calgary Flames : 5 - Chicago Black Hawks : 3.
19:05 of 3rd period - Ilya Sorokin from Chicago Black Hawks was sent back in the game.
19:06 of 3rd period - Joel Eriksson Ek wins face-off versus Phillip Danault in neutral zone.
19:50 of 3rd period - Snap shot by Timo Meier.
19:50 of 3rd period - Shot Misses the Net.
19:56 of 3rd period - Logan Couture is hit by Mikhail Sergachev and loses puck.
Goals for this period are 2 for Calgary Flames vs 1 for Chicago Black Hawks.
Shots for this period are 8 for Calgary Flames vs 16 for Chicago Black Hawks.
Back to the Top